 Dungeon Crawl Stone Soup version 0.20.0-7-g3b7b877 (webtiles) character file.

81 McKennaii the Sneak (level 4, -6/29 HPs)
             Began as an Octopode Assassin on May 28, 2017.
             Mangled by a gnoll (9 damage)
             ... on level 3 of the Dungeon.
             The game lasted 00:02:14 (1381 turns).

McKennaii the Sneak (Octopode Assassin)             Turns: 1381, Time: 00:02:14

Health: -6/29      AC:  1    Str: 10    XL:     4   Next: 42%
Magic:  13/13      EV: 12    Int: 13    God:
Gold:   99         SH:  5    Dex: 14    Spells: 3/3 levels left

rFire    . . .     SeeInvis .   a - +1 dagger (venom)
rCold    . . .     Gourm    .   n - +2 buckler
rNeg     . . .     Faith    .   (helmet restricted)
rPois    .         Spirit   .   h - amulet of rage
rElec    .         Reflect  .   i - ring of magical power
rCorr    .         Harm     .   (no ring)
MR       .....                  (no ring)
Stlth    ++++......             (no ring)
Regen    0.1/turn               (no ring)
MPRegen  0.2/turn               (no ring)
                                (no ring)
                                (no ring)

@: no status effects
A: almost no armour, stealthy swim, amphibious, 8 rings, constrict 8, camouflage
1, gelatinous body 1
a: Evoke Berserk Rage


You were on level 3 of the Dungeon.
You were very hungry.

You visited 1 branch of the dungeon, and saw 3 of its levels.

You collected 99 gold pieces.

Inventory:

Hand Weapons
 a - a +1 dagger of venom (weapon)
 b - a +0 blowgun
Missiles
 c - 29 poisoned needles (quivered)
 d - 2 curare-tipped needles
Armour
 n - a +2 buckler (worn)
Jewellery
 h - an amulet of rage (around mantle)
 i - a ring of magical power (left tentacle)
Scrolls
 g - 2 scrolls of amnesia {unknown}
 l - 2 scrolls of remove curse {unknown}
 m - a scroll of magic mapping {unknown}
 p - a scroll of enchant weapon {unknown}
Potions
 e - a potion of flight {unknown}
 k - a potion of curing {unknown}
 o - 2 potions of heal wounds {unknown}
Comestibles
 f - 4 bread rations
 j - 2 meat rations


   Skills:
 + Level 2.1 Fighting
 + Level 2.6 Short Blades
 + Level 2.2 Throwing
 + Level 1.1 Dodging
 + Level 7.1 Stealth
 * Level 0.2 Shields


You had 3 spell levels left.
You didn't know any spells.

Dungeon Overview and Level Annotations

Branches:
Dungeon (3/15)

Altars:


Innate Abilities, Weirdness & Mutations

You cannot wear most types of armour.
You are very stealthy in the water. (Stealth+)
You are amphibious.
You can wear up to eight rings at the same time.
You can use your tentacles to constrict eight enemies at once.
Your skin changes colour to match your surroundings (Stealth+).
Your rubbery body absorbs attacks. (AC +1, EV +1)


Message History

The gnoll shouts!
You block the gnoll's attack. The gnoll hits you with a spear!
You hit the gnoll. You grab the gnoll. You squeeze the gnoll.
The gnoll is moderately wounded.
You constrict the gnoll. The gnoll hits you but does no damage.
You hit the gnoll.
The gnoll is poisoned.
The gnoll is heavily wounded.
You constrict the gnoll. The gnoll hits you!
* * * LOW HITPOINT WARNING * * *
You block the gnoll's attack.
You hit the gnoll.
The gnoll looks as sick as possible!
Your squeeze misses the gnoll.
The gnoll is severely wounded.
You constrict the gnoll.
You kill the gnoll!
The gnoll hits you.
* * * LOW HITPOINT WARNING * * *
You barely miss the gnoll. Your grab misses the gnoll. The gnoll hits you!
You die...

.##........>........
#...###.####..###.
#...###.####..# #
#.............# .#
#.#.###.####..# .#
#.#..)........# .#
#......<.###..###.#
#.#.#.#......)g...#####
.........)...<@........
#.#.#.#>#####.#........
##...##.#####.#..######
##.(...)..)..#..#
#.............<#
##############.# #...
#####


You could see a gnoll.

Vanquished Creatures
  2 gnolls (D:3)
  An adder (D:2)
  An ooze (D:3)
  A worm (D:3)
  A dart slug (D:1)
  An orc (D:3)
  3 giant cockroaches
  6 goblins
  5 hobgoblins
  7 kobolds
  3 quokkas
  5 bats
  A frilled lizard (D:3)
  3 rats
40 creatures vanquished.

Notes
Turn   | Place    | Note
-------+----------+-------------------------------------------
     0 | D:1      | McKennaii the Octopode Assassin began the quest for the Orb.
     0 | D:1      | Reached XP level 1. HP: 14/14 MP: 1/1
   157 | D:1      | Reached XP level 2. HP: 19/19 MP: 2/2
   452 | D:2      | Reached skill level 6 in Stealth
   754 | D:2      | Reached XP level 3. HP: 24/24 MP: 3/3
  1156 | D:3      | Reached XP level 4. HP: 29/29 MP: 4/4
  1199 | D:3      | Reached skill level 7 in Stealth
  1381 | D:3      | Mangled by a gnoll

Skill      XL: |  1  2  3  4 |
---------------+-------------+-----
Stealth        | 6 7 |  7.1
Fighting       | |  2.1
Short Blades   | |  2.6
Throwing       | |  2.2
Dodging        | |  1.1
Shields        | |  0.2

Action                   |  1- 3 |  4- 6 || total
-------------------------+-------+-------++-------
Melee: Dagger            |    48 |    12 ||    60
       Constrict         |    13 |     3 ||    16
       Tentacles         |    10 |     3 ||    13
 Stab: Sleeping          |    17 |     2 ||    19
Armor: Skin              |     1 |       ||     1
Dodge: Dodged            |    19 |     5 ||    24
Block: Buckler           |       |     5 ||     5
